 Dungeon Crawl Stone Soup version 0.23.2-40-g277498a001 (webtiles) character file.

Game seed: 9994804937692946547

43 ANON1729 the Chiller (level 3, -1/25 HPs)
             Began as a Gnoll Ice Elementalist on Aug 22, 2019.
             Killed from afar by Sigmund (8 damage)
             ... with a wand of flame (11)
             ... on level 2 of the Dungeon.
             The game lasted 00:01:45 (1127 turns).

ANON1729 the Chiller (Gnoll Ice Elementalist)       Turns: 1127, Time: 00:01:46

Health: -1/25      AC:  2    Str: 10    XL:     3   Next: 58%
Magic:  4/9        EV: 14    Int: 18    God:
Gold:   90         SH:  0    Dex: 15    Spells: 11/12 levels left

rFire    . . .     SeeInvis .   b - +0 spear
rCold    . . .     Gourm    .   (no shield)
rNeg     . . .     Faith    .   a - +0 robe
rPois    .         Spirit   .   (no helmet)
rElec    .         Reflect  .   (no cloak)
rCorr    .         Harm     .   (no gloves)
MR       .....                  (no boots)
Stlth    +++.......             (no amulet)
HPRegen  0.08/turn              (no ring)
MPRegen  0.11/turn              (no ring)

@: no status effects
A: distributed training, fangs 1, strong nose
a: no special abilities


You were on level 2 of the Dungeon.
You were hungry.

You visited 1 branch of the dungeon, and saw 2 of its levels.

You collected 90 gold pieces.

Inventory:

Hand Weapons
 b - a +0 spear (weapon)
 i - a +0 dagger of holy wrath
Missiles
 d - 2 poisoned needles
Armour
 a - a +0 robe (worn)
Jewellery
 g - an uncursed ring of wizardry {unknown}
Scrolls
 h - a scroll of teleportation {unknown}
Potions
 e - a potion of agility {unknown}
 f - a potion of heal wounds {unknown}
Comestibles
 c - 4 rations


   Skills:
 + Level 0.8 Fighting
 + Level 0.8 Short Blades
 + Level 0.8 Long Blades
 + Level 0.8 Axes
 + Level 0.8 Maces & Flails
 + Level 0.8 Polearms
 + Level 0.8 Staves
 + Level 0.8 Slings
 + Level 0.8 Bows
 + Level 0.8 Crossbows
 + Level 0.8 Throwing
 + Level 0.8 Armour
 + Level 4.5 Dodging
 + Level 4.1 Stealth
 + Level 0.8 Shields
 + Level 0.8 Unarmed Combat
 + Level 5.0 Spellcasting
 + Level 2.1 Conjurations
 + Level 0.5 Hexes
 + Level 0.5 Charms
 + Level 0.5 Summonings
 + Level 0.5 Necromancy
 + Level 0.5 Translocations
 + Level 0.5 Transmutations
 + Level 0.5 Fire Magic
 + Level 5.4 Ice Magic
 + Level 0.5 Air Magic
 + Level 0.5 Earth Magic
 + Level 0.5 Poison Magic
 + Level 1.0 Invocations
 + Level 0.8 Evocations


You had 11 spell levels left.
You knew the following spells:

 Your Spells              Type           Power        Failure   Level  Hunger
a - Freeze                Ice            ###.         1%          1    None

Your spell library contained the following spells:

 Spells                   Type           Power        Failure   Level  Hunger
 Throw Frost              Conj/Ice       ###...       4%          2    #......
 Ozocubu's Armour         Chrm/Ice       ###.....     12%         3    ##.....
 Throw Icicle             Conj/Ice       ###.....     28%         4    ####...
 Summon Ice Beast         Ice/Summ       ###.....     36%         4    ####...


Dungeon Overview and Level Annotations

Branches:
Dungeon (2/15)

Altars:

Annotations:
D:2 Sigmund


Innate Abilities, Weirdness & Mutations

Your experience applies equally to all skills.
You have very sharp teeth.
Your uncanny sense of smell can sniff out nearby items.


Message History

Aim: Sigmund, wielding a +2 scythe of freezing, wearing a cursed +0 robe and carrying a wand of flame (11) (lightly wounded)
You freeze Sigmund.
Sigmund is moderately wounded.
Sigmund closely misses you.
Casting: Freeze (safe; 1% risk of failure)
Confirm with . or Enter, or press ? or * to list all spells.
Aiming: Freeze (safe; 1% risk of failure)
Press: ? - help, Shift-Dir - straight line, f/p - Sigmund
Aim: Sigmund, wielding a +2 scythe of freezing, wearing a cursed +0 robe and carrying a wand of flame (11) (moderately wounded)
You freeze Sigmund.
Sigmund is moderately wounded.
Casting: Freeze (safe; 1% risk of failure)
Confirm with . or Enter, or press ? or * to list all spells.
Aiming: Freeze (safe; 1% risk of failure)
Press: ? - help, Shift-Dir - straight line, f/p - Sigmund
Aim: Sigmund, wielding a +2 scythe of freezing, wearing a cursed +0 robe and carrying a wand of flame (11) (moderately wounded)
You freeze Sigmund.
Sigmund is moderately wounded.
Sigmund zaps a wand.
The puff of flame hits you!
You die...

#.# #.# #.# #.# #.# #.#
#.# #.#
#.#############.#######.#.
.).<..........)....)......
.#######.####........@..##
.#.......####.#@######..#
.#.###.....##.#.@.........
.....#.....#)..#######.. .
.#.#............
.#.###.....#...#∆ .#.#
#.....##.## ∆ ..<.
....####.# ##.#####.# #.#
#.# #.# ∆ #.# #.#


You could see Sigmund.

Vanquished Creatures
  A gnoll (D:1)
  A dart slug (D:1)
  3 leopard geckos
  2 giant cockroaches (D:1)
  5 goblins
  2 hobgoblins
  4 jackals (D:1)
  3 kobolds
  A bat (D:1)
  A frilled lizard (D:1)
  3 rats (D:1)
26 creatures vanquished.

Notes
Turn   | Place    | Note
-------+----------+-------------------------------------------
     0 | D:1      | ANON1729 the Gnoll Ice Elementalist began the quest for the
                  | Orb.
     0 | D:1      | Reached XP level 1. HP: 13/13 MP: 6/6
   150 | D:1      | Reached XP level 2. HP: 18/20 MP: 7/7
   450 | D:1      | Reached XP level 3. HP: 15/25 MP: 9/9
   473 | D:1      | Reached skill level 5 in Spellcasting
  1091 | D:2      | Reached skill level 1 in Invocations
  1114 | D:2      | Noticed Sigmund
  1127 | D:2      | Killed from afar by Sigmund

Skill      XL: |  1  2  3 |
---------------+----------+-----
Conjurations   | 2 |  2.1
Spellcasting   | 5 |  5.0
Invocations    | 1 |  1.0
Fighting       | |  0.8
Short Blades   | |  0.8
Long Blades    | |  0.8
Axes           | |  0.8
Maces & Flails | |  0.8
Polearms       | |  0.8
Staves         | |  0.8
Slings         | |  0.8
Bows           | |  0.8
Crossbows      | |  0.8
Throwing       | |  0.8
Armour         | |  0.8
Dodging        | |  4.5
Stealth        | |  4.1
Shields        | |  0.8
Unarmed Combat | |  0.8
Hexes          | |  0.5
Charms         | |  0.5
Summonings     | |  0.5
Necromancy     | |  0.5
Translocations | |  0.5
Transmutations | |  0.5
Fire Magic     | |  0.5
Ice Magic      | |  5.4
Air Magic      | |  0.5
Earth Magic    | |  0.5
Poison Magic   | |  0.5
Evocations     | |  0.8

Action                   || total
-------------------------++-------
Melee: Spear             ||    90
       Unarmed           ||     7
       Bite              ||     6
       Punch             ||     1
 Cast: Freeze            ||    13
 Stab: Sleeping          ||     7
Armor: Robe              ||    19
Dodge: Dodged            ||    79
